 Dungeon Crawl Stone Soup version 0.29-a0-1014-ga8c0faee3b (webtiles) character file.

Game seed: 12326201268864350833

85 Ijustatesigmund the Digger (level 4, -1/27 HPs)
             Began as an Octopode Earth Elementalist on Aug 9, 2022.
             Slain by a gnoll
             ... wielding a +0 whip
              (9 damage)
             ... on level 2 of the Dungeon.
             The game lasted 00:03:01 (1476 turns).

Ijustatesigmund the Digger (OpEE)                   Turns: 1476, Time: 00:03:01

Health: -1/27      AC:  1    Str:  7    XL:     4   Next: 48%
Magic:  2/8        EV: 13    Int: 19    God:
Gold:   8          SH:  0    Dex: 12    Spells: 3/9 levels left

rFire   . . .      SeeInvis .   b - +0 spear (venom)
rCold   . . .      Faith    .   (no shield)
rNeg    . . .      Spirit   .   (helmet restricted)
rPois   .          Reflect  .   (no amulet)
rElec   .          Harm     .   (no ring)
rCorr   .          Rampage  .   (no ring)
Will    .....                   (no ring)
Stlth   +++.......              (no ring)
HPRegen 0.09/turn               (no ring)
MPRegen 0.11/turn               (no ring)
                                (no ring)
                                (no ring)

@: lethally poisoned (-1 -> -7), very slightly contaminated, invisible
A: almost no armour, amphibious, 8 rings, camouflage 1, gelatinous body 1,
(nimble swimmer 1), tentacles
a: no special abilities


You were on level 2 of the Dungeon.
You visited 1 branch of the dungeon, and saw 2 of its levels.

You collected 8 gold pieces.

Inventory:

Hand Weapons
 b - a +0 spear of venom (weapon)
 d - a +1 short sword of venom
Scrolls
 c - 3 scrolls of identify
 g - a scroll of summoning {unknown}
Potions
 a - 2 potions of magic
 f - a potion of berserk rage {unknown}
 h - a potion of brilliance {unknown}


   Skills:
 - Level 2.0 Dodging
 - Level 2.6 Stealth
 + Level 3.3 Spellcasting
 + Level 1.8 Conjurations
 - Level 1.0 Transmutations
 - Level 3.6 Earth Magic


You had 3 spell levels left.
You knew the following spells:

 Your Spells              Type           Power      Damage    Failure   Level
a - Sandblast             Erth           32%        2d9       3%          1
b - Stone Arrow           Conj/Erth      26%        3d8       14%         3
c - Passwall              Tmut/Erth      9%         N/A       9%          2

Your spell library contained the following spells:

 Spells                   Type           Power      Damage    Failure   Level
 Petrify                  Tmut/Erth      11%        N/A       50%         4


Dungeon Overview and Level Annotations

Branches:
Dungeon (2/15)

Altars:


Innate Abilities, Weirdness & Mutations

You cannot wear most types of armour.
You are amphibious.
You can wear up to eight rings at the same time.
Your skin changes colour to match your surroundings (Stealth+).
Your rubbery body absorbs attacks. (AC +1, EV +1)
((You are camouflaged when in or above water. (Stealth+)))
You have tentacles for arms and can constrict up to eight enemies at once.


Message History

The gnoll hits you from afar with a +0 halberd!
Casting: Sandblast (safe; 3% risk of failure)
Confirm with . or Enter, or press ? or * to list all spells.
The spell is quite dangerous to miscast (16% risk of failure)!
Continue anyway?
Aiming: Stone Arrow (quite dangerous; 16% risk of failure)
Press: ? - help, Shift-Dir - straight line, f - gnoll, p - gnoll
Aim: a gnoll, wielding a +0 halberd (72% to hit)
The stone arrow hits the gnoll!!
You kill the gnoll!
You constrict the gnoll, but do no damage.
You kill the gnoll!
A gnoll comes into view. It is wielding a +0 whip.
Casting: Stone Arrow (quite dangerous; 14% risk of failure)
Confirm with . or Enter, or press ? or * to list all spells.
The spell is quite dangerous to miscast (14% risk of failure)!
Continue anyway?
Aiming: Stone Arrow (quite dangerous; 14% risk of failure)
Press: ? - help, Shift-Dir - straight line, f - adder
Aim: an adder (48% to hit)
You miscast Stone Arrow.
You are very lightly contaminated with residual magic.
Nothing appears to happen.
The gnoll shouts!
A kobold comes into view. It is wielding a +0 whip.
You hit the adder. You grab the adder.
The adder is moderately wounded.
You constrict the adder. The adder barely misses you. The adder bites you.
You are poisoned.
The adder poisons you!
You release your grip on the adder.
The gnoll attacks as you move away! The gnoll closely misses you.
You feel sick. The adder bites you.
You are more poisoned.
The adder poisons you! The gnoll attacks as you move away!
The gnoll closely misses you.
You feel sick.
Okay, then.
It was a potion of invisibility.
You fade into invisibility!
* * * LOW HITPOINT WARNING * * *
You feel sick. The adder closely misses you. The gnoll hits you with a +0 whip!
You die...

#. ###..#.....# ... #.
###....#####..>. ...#
#...#.## #..# ...#
##.....#####...#
.#.###.............#
.#.##..#...##......#
.#.#..##...#..#.#### .
...........#.....# ...
.............###@###.._.
.............# #Sg..⌠..#
..<#.###..)..# #...#####
.###.# #.....##.)#....#
.# #.# #..#...).#####.#
.# #.##.......## .# .#
#........#.# . ...#..
.... ...... . .


You could see a gnoll (unable to see you) and an adder (unable to see you).

Vanquished Creatures
  4 gnolls
  An adder (D:2)
  3 dart slugs
  3 endoplasms
  2 giant cockroaches (D:1)
  5 goblins
  3 hobgoblins (D:1)
  A kobold (D:1)
  3 quokkas
  A ball python (D:1)
  2 bats (D:1)
  A frilled lizard (D:2)
  2 rats (D:1)
31 creatures vanquished.

Notes
Turn   | Place    | Note
-------+----------+-------------------------------------------
     0 | D:1      | Ijustatesigmund the Octopode Earth Elementalist began the
                  | quest for the Orb.
     0 | D:1      | Reached XP level 1. HP: 11/11 MP: 3/3
     9 | D:1      | You fall into a shaft and drop 1 floor!
   263 | D:1      | Reached XP level 2. HP: 17/17 MP: 0/5
   643 | D:1      | Reached XP level 3. HP: 20/21 MP: 4/6
   647 | D:1      | Learned a level 3 spell: Stone Arrow
   651 | D:1      | Learned a level 2 spell: Passwall
  1097 | D:1      | Reached skill level 1 in Conjurations
  1441 | D:2      | Reached XP level 4. HP: 22/27 MP: 8/8
  1466 | D:2      | Found a faded altar of an unknown god.
  1476 | D:2      | Slain by a gnoll

Illustrated notes

Levels and vault maps discovered:
D:1:      dpeg_arrival_chambers_temple_mockup, layout_loops_corners
D:2:      layout_rooms, ebering_ecumenical_altar_abandoned,
          kennysheep_big_empty_room, minmay_misc_feat_roman, nrook_loot_triangle

Skill      XL: |  1  2  3 |
---------------+----------+-----
Conjurations   | 1 |  1.8
Spellcasting   | 3 |  3.3
Dodging        | |  2.0
Stealth        | |  2.6
Transmutations | |  1.0
Earth Magic    | |  3.6

Action                   |  1- 3 |  4- 6 || total
-------------------------+-------+-------++-------
Melee: Unarmed           |     1 |       ||     1
       Spear             |    31 |     3 ||    34
       Tentacles         |     8 |       ||     8
       Constrict         |     7 |     3 ||    10
 Cast: Sandblast         |    21 |     1 ||    22
       Stone Arrow       |       |     1 ||     1
  Use: Scroll            |     4 |       ||     4
       Potion            |       |     1 ||     1
 Stab: Sleeping          |     5 |       ||     5
Armor: Skin              |     3 |       ||     3
Dodge: Dodged            |    18 |     5 ||    23

Table legend: (Time is in decaauts)
 A = Elapsed time spent in this place.
 B = Non-inter-level travel time spent in this place.
 C = Inter-level travel time spent in this place.
 D = Time resting spent in this place.
 E = Time spent auto-exploring this place.
 F = Levels seen in this place.
 G = Mean time per level.
                   A        B        C        D        E       F      G
               +--------+--------+--------+--------+--------+-----+--------+
         Total |   1501 |   1488 |     13 |    129 |   1132 |   2 |  750.5 |
       Dungeon |   1501 |   1488 |     13 |    129 |   1132 |   2 |  750.5 |
               +--------+--------+--------+--------+--------+-----+--------+

Top non-repeatable levels by time:
     D:1: 1241 daAuts
     D:2: 259 daAuts
